 Seeded DCSS version 0.30.1-4-g462c640d31 (webtiles) character file.

Game seed: 15805343832751192750 (custom seed)

194 kingsuperguy the Firebug (level 5, 0/38 HPs)
             Began as a Gnoll Wanderer on Sept 1, 2023.
             Shot with an arrow by a centaur (9 damage)
             ... on level 6 of the Dungeon.
             The game lasted 00:08:23 (3650 turns).

kingsuperguy the Firebug (Gnoll Wanderer)           Turns: 3650, Time: 00:08:24

Health: 0/38       AC:  5    Str:  9    XL:     5   Next: 73%
Magic:  10/12      EV: 13    Int: 10    God:
Gold:   178        SH:  0    Dex: 16    Spells: 13/14 levels left

rFire   . . .        a - +0 sling
rCold   . . .        (no shield)
rNeg    + . .        d - +0 robe
rPois   +            (no helmet)
rElec   .            m - +2 ratskin cloak {*Rats rPois rN+ Str-1 Int-1 Dex+1}
rCorr   .            (no gloves)
SInv    .            (no boots)
Will    .....        (no amulet)
Stlth   +++          (no ring)
HPRegen 0.26/turn    (no ring)
MPRegen 0.13/turn

%: no passive effects
@: no status effects
A: fangs 1, strong nose, distributed training, thin skeletal structure 1, clumsy
1, mutation resistance 1
a: no special abilities


You were on level 6 of the Dungeon.
You visited 1 branch of the dungeon, and saw 5 of its levels.

You collected 178 gold pieces.

Inventory:

Hand Weapons
 a - a +0 sling (weapon)
 n - a +2 hand axe of flaming
Armour
 b - a +0 cloak
 d - a +0 robe (worn)
 g - a +0 plate armour
 m - the +2 ratskin cloak (worn) {*Rats rPois rN+ Str-1 Int-1 Dex+1}
   (You found it on level 2 of the Dungeon)

   *Rats:     When the wearer is hurt, rats may emerge from it to assist them.
   Str:       It affects your strength (-1).
   Int:       It affects your intelligence (-1).
   Dex:       It affects your dexterity (+1).
   rPois:     It protects you from poison.
   rN:        It protects you from negative energy.
Jewellery
 i - a ring of resist corrosion
 u - a +6 ring of dexterity
Wands
 c - a wand of flame (4)
Scrolls
 k - a scroll of immolation
 o - a scroll of enchant weapon
 p - a scroll of noise
 q - 3 scrolls of identify
Potions
 e - a potion of heal wounds {unknown}
 f - a potion of flight


   Skills:
 + Level 1.7 Fighting
 + Level 1.7 Short Blades
 + Level 1.7 Long Blades
 + Level 1.7 Axes
 + Level 1.7 Maces & Flails
 + Level 1.7 Polearms
 + Level 1.7 Staves
 + Level 3.1 Ranged Weapons
 + Level 3.1 Throwing
 + Level 1.7 Armour
 + Level 3.1 Dodging
 + Level 2.9 Stealth
 + Level 1.7 Shields
 + Level 1.7 Unarmed Combat
 + Level 5.2 Spellcasting
 + Level 1.3 Conjurations
 + Level 1.3 Hexes
 + Level 1.3 Summonings
 + Level 1.3 Necromancy
 + Level 1.3 Translocations
 + Level 1.3 Transmutations
 + Level 7.2 Fire Magic
 + Level 1.3 Ice Magic
 + Level 1.3 Air Magic
 + Level 1.3 Earth Magic
 + Level 1.3 Poison Magic
 + Level 1.9 Invocations
 + Level 1.7 Evocations


You had 13 spell levels left.
You knew the following spells:

 Your Spells              Type           Power      Damage    Failure   Level
a - Foxfire               Conj/Fire      44%        2x1d6     3%          1

Your spell library contained the following spells:

 Spells                   Type           Power      Damage    Failure   Level
 Scorch                   Fire           34%        2d6       1%          2
 Volatile Blastmotes      Fire/Tloc      22%        2d11      12%         3


Dungeon Overview and Level Annotations

Branches:
Dungeon (4/15)
 Temple: D:4-7

Altars:
Vehumet

Shops:
D:3 (

Annotations:
D:3 3 runed translucent doors, gdog's ghost, amateur GnDe


Innate Abilities, Weirdness & Mutations

You have very sharp teeth.
Your uncanny sense of smell can sniff out nearby items.
Your experience applies equally to all skills.
You have a somewhat thin skeletal structure. (Dex +2, Stealth+)
You are clumsy. (Dex -2)
You are somewhat resistant to further mutation.


Message History

A gnoll comes into view. It is wielding a +0 club.
A centaur comes into view.
The centaur shouts!
The centaur wields a +0 shortbow.
The centaur shoots an arrow.
The arrow hits you!
A river rat scurries out from under your cloak.
You shoot a sling bullet.
The sling bullet hits the gnoll but does no damage.
The centaur shoots an arrow.
The arrow hits you!
Okay, then.
Casting: Foxfire (safe; 3% risk of failure)
Press: ? - help, Q - select action, (/) - cycle Dir - look around, f - activate
Okay, then.
Casting: Foxfire (safe; 3% risk of failure)
Press: ? - help, Q - select action, (/) - cycle Dir - look around, f - activate You conjure some foxfire!
The centaur shoots an arrow.
The arrow hits your river rat!
Your river rat dies!
Your foxfire dissipates!
The foxfire hits the gnoll.
The gnoll is lightly wounded.
The centaur shoots an arrow.
The arrow hits you.
Casting: Foxfire (safe; 3% risk of failure)
Press: ? - help, Q - select action, (/) - cycle Dir - look around, f - activate
Okay, then.
Casting: Foxfire (safe; 3% risk of failure)
Press: ? - help, Q - select action, (/) - cycle Dir - look around, f - activate You conjure some foxfire!
The centaur shoots an arrow.
The arrow closely misses you.
The foxfire hits the gnoll.
The gnoll is lightly wounded.
The centaur shoots an arrow.
The arrow barely misses you.
The foxfire hits the centaur.
The centaur is lightly wounded.
The centaur shoots an arrow.
The arrow hits you!
* * * LOW HITPOINT WARNING * * *
Okay, then.
Okay, then.
The centaur shoots an arrow.
The arrow hits you!
You die...

....# ###### ....#
#....# ....# #....# .
....#########....####..
.........g.g...........
........#####g..c......
....##### #..........
...## ∆ #....#..#. #...
#...@#.... #...#
####........ ....
#....###. ..g ..####
... #.# ..g #.# #.# ...


You could see a centaur and 2 gnolls.

Vanquished Creatures
  A jelly (D:6)
  An orc priest (D:3)
  Jessica (D:2)
  2 adders
  3 worms
  3 dart slugs
  4 orcs (D:3)
  8 bats
  5 endoplasms
  2 giant cockroaches
  8 goblins
  5 hobgoblins
  4 quokkas
  7 ball pythons
  A frilled lizard (D:1)
  4 kobolds
  13 rats
72 creatures vanquished.

Vanquished Creatures (collateral kills)
  An orc (D:2)
  An endoplasm (D:4)
2 creatures vanquished.

Vanquished Creatures (others)
  22 foxfires
22 creatures vanquished.

Grand Total: 96 creatures vanquished

Notes
Turn   | Place    | Note
-------+----------+-------------------------------------------
     0 | D:1      | kingsuperguy the Gnoll Wanderer began the quest for the
                  | Orb.
     0 | D:1      | kingsuperguy set off with the following items: a +0 sling,
                  | a +0 cloak, a scroll of summoning, a +0 robe; and the
                  | following spell memorised: Foxfire; and the following
                  | spells available to memorise: Scorch, Volatile Blastmotes.
     0 | D:1      | Reached XP level 1. HP: 13/13 MP: 6/6
   156 | D:1      | Reached XP level 2. HP: 15/19 MP: 7/7
   589 | D:1      | Reached skill level 5 in Spellcasting
   589 | D:1      | Reached XP level 3. HP: 25/25 MP: 7/9
  1057 | D:2      | Reached skill level 1 in Invocations
  1085 | D:2      | Found the +2 ratskin cloak {*Rats rPois rN+ Str-1 Int-1
                  | Dex+1}
  1121 | D:2      | Noticed Jessica
  1124 | D:2      | Killed Jessica
  1125 | D:2      | Reached skill level 1 in Fighting
  1125 | D:2      | Reached skill level 1 in Short Blades
  1125 | D:2      | Reached skill level 1 in Long Blades
  1125 | D:2      | Reached skill level 1 in Axes
  1125 | D:2      | Reached skill level 1 in Maces & Flails
  1125 | D:2      | Reached skill level 1 in Polearms
  1125 | D:2      | Reached skill level 1 in Staves
  1125 | D:2      | Reached skill level 1 in Armour
  1125 | D:2      | Reached skill level 1 in Shields
  1125 | D:2      | Reached skill level 1 in Unarmed Combat
  1125 | D:2      | Reached skill level 1 in Evocations
  1125 | D:2      | Reached XP level 4. HP: 32/32 MP: 11/11
  1480 | D:2      | Reached skill level 1 in Conjurations
  1480 | D:2      | Reached skill level 1 in Hexes
  1480 | D:2      | Reached skill level 1 in Summonings
  1480 | D:2      | Reached skill level 1 in Necromancy
  1480 | D:2      | Reached skill level 1 in Translocations
  1480 | D:2      | Reached skill level 1 in Transmutations
  1480 | D:2      | Reached skill level 1 in Ice Magic
  1480 | D:2      | Reached skill level 1 in Air Magic
  1480 | D:2      | Reached skill level 1 in Earth Magic
  1480 | D:2      | Reached skill level 1 in Poison Magic
  1624 | D:3      | Found a runed translucent gate.
  1624 | D:3      | Found a runed translucent gate.
  1625 | D:3      | Found a runed translucent gate.
  1626 | D:3      | Noticed gdog's ghost (amateur GnDe)
  1651 | D:3      | Found Icaupath's Antique Weapon Emporium.
  2396 | D:3      | Reached XP level 5. HP: 37/37 MP: 12/12
  2979 | D:4      | Noticed a black bear
  3000 | D:4      | Gained mutation: You are clumsy. (Dex -2) [potion of
                  | mutation]
  3000 | D:4      | Gained mutation: You are dopey. (Int -2) [potion of
                  | mutation]
  3000 | D:4      | Gained mutation: You have a somewhat thin skeletal
                  | structure. (Dex +2, Stealth+) [potion of mutation]
  3000 | D:4      | Gained mutation: You have supernaturally acute eyesight.
                  | (SInv) [potion of mutation]
  3522 | D:4      | Found a radiant altar of Vehumet.
  3587 | D:4      | Lost mutation: You have a somewhat thin skeletal structure.
                  | (Dex +2, Stealth+) [potion of mutation]
  3587 | D:4      | Lost mutation: You are dopey. (Int -2) [potion of mutation]
  3587 | D:4      | Lost mutation: You have supernaturally acute eyesight.
                  | (SInv) [potion of mutation]
  3587 | D:4      | Gained mutation: You are strong-willed. (Will+) [potion of
                  | mutation]
  3587 | D:4      | Gained mutation: You have a pair of small horns on your
                  | head. [potion of mutation]
  3595 | D:4      | Lost mutation: You have a pair of small horns on your head.
                  | [potion of mutation]
  3595 | D:4      | Lost mutation: You are strong-willed. (Will+) [potion of
                  | mutation]
  3595 | D:4      | Gained mutation: You have a somewhat thin skeletal
                  | structure. (Dex +2, Stealth+) [potion of mutation]
  3595 | D:4      | Gained mutation: You are somewhat resistant to further
                  | mutation. [potion of mutation]
  3596 | D:4      | You fall into a shaft and drop 2 floors!
  3643 | D:6      | Noticed a centaur
  3650 | D:6      | Shot with an arrow by a centaur

Illustrated notes

Levels and vault maps discovered:
D:1:      dpeg_arrival_three_bigger_balls, layout_basic
D:2:      layout_basic, uniq_jessica
D:3:      layout_basic, serial_shops, shop, gammafunk_ghost_necromancy,
          nicolae_kite_square_tiling_tiny
D:4:      layout_rooms, vehumet_altar_wand_db, uniq_crazy_yiuf_cottage
D:6:      layout_rooms, ebering_ghost_disaster_area

Skill      XL: |  1  2  3  4 |
---------------+-------------+-----
Spellcasting   | 5 |  5.2
Invocations    | 1 |  1.9
Fighting       | 1 |  1.7
Short Blades   | 1 |  1.7
Long Blades    | 1 |  1.7
Axes           | 1 |  1.7
Maces & Flails | 1 |  1.7
Polearms       | 1 |  1.7
Staves         | 1 |  1.7
Armour         | 1 |  1.7
Shields        | 1 |  1.7
Unarmed Combat | 1 |  1.7
Evocations     | 1 |  1.7
Conjurations   | 1 |  1.3
Hexes          | 1 |  1.3
Summonings     | 1 |  1.3
Necromancy     | 1 |  1.3
Translocations | 1 |  1.3
Transmutations | 1 |  1.3
Ice Magic      | 1 |  1.3
Air Magic      | 1 |  1.3
Earth Magic    | 1 |  1.3
Poison Magic   | 1 |  1.3
Ranged Weapons | 3 |  3.1
Throwing       | 3 |  3.1
Dodging        | 3 |  3.1
Stealth        | |  2.9
Fire Magic     | |  7.2

Action                     |  1- 3 |  4- 6 || total
---------------------------+-------+-------++-------
   Fire: Sling             |    93 |   152 ||   245
   Cast: Foxfire           |     4 |    12 ||    16
    Use: Scroll            |       |     6 ||     6
         Potion            |       |    10 ||    10
 Armour: Robe              |     6 |    39 ||    45
  Dodge: Dodged            |    24 |    78 ||   102
